[Event "Titled Tuesday Blitz May 03 Late 2022"]
[White "Korchmar, Vasiliy"]
[Black "Itkis, Boris"]
[WhiteFideId "24131750"]
[BlackFideId "1209167"]
[WhiteElo "2370"]
[BlackElo "2207"]
[Result "1-0"]
[Round "01"]
[TimeControl "180+1"]
[Date "2022.05.03"]
[WhiteClock "0:00:04"]
[BlackClock "0:00:20"]

1. e4 e5 2. Nf3 Nc6 3. Nc3 Nf6 4. h3 Bb4 5. Nd5 Be7 6. Nxe7 Qxe7 7. d3 O-O 8. g3 d5 9. Qe2 dxe4 10. dxe4 Qb4+ 11. c3 Qxe4 12. Be3 Bf5 13. g4 Bg6 14. Bg2 Qd3 15. Nh4 Qxe2+ 16. Kxe2 Be4 17. f3 Bg6 18. Rhd1 Rad8 19. Nxg6 hxg6 20. f4 exf4 21. Bxf4 Rfe8+ 22. Kf2 Rxd1 23. Rxd1 Re7 24. Bxc6 bxc6 25. Rd8+ Kh7 26. Ra8 Nd5 27. Bg3 Ne3 28. Rxa7 Nd1+ 29. Kf1 Nxb2 30. Rxc7 Re3 31. Be1 Re6 32. Bf2 Nd3 33. Bd4 f6 34. a4 Kh6 35. a5 Re1+ 36. Kg2 Ra1 37. Bb6 g5 38. Rxc6 Nf4+ 39. Kg3 Ra3 40. Rc8 Ne2+ 41. Kf2 Nxc3 42. Rh8+ Kg6 43. Rd8 Ne4+ 44. Ke2 Nc3+ 45. Kd2 Na4 46. Kc2 Rc3+ 47. Kd2 Nxb6 48. axb6 Rb3 49. Rd6 Rxh3 50. Kc2 Rh2+ 51. Kc3 Rh3+ 52. Kc4 Rh4 53. b7 Rxg4+ 54. Kc5 1-0


[Site "https://www.chess.com"]

[Event "Titled Tuesday Blitz May 03 Late 2022"]
[White "Kozin, Yuri"]
[Black "Hernandez Bermudez, Ulises Eduardo"]
[WhiteFideId "4129920"]
[BlackFideId "3902510"]
[WhiteElo "2569"]
[BlackElo "2056"]
[Result "0-1"]
[Round "01"]
[TimeControl "180+1"]
[Date "2022.05.03"]
[WhiteClock "0:00:17"]
[BlackClock "0:00:57"]

1. e4 c5 2. Nf3 d6 3. d4 cxd4 4. Nxd4 Nf6 5. Nc3 a6 6. Be3 e5 7. Nf3 Qc7 8. a4 Be7 9. a5 Nbd7 10. Be2 O-O 11. O-O b5 12. axb6 Nxb6 13. Bg5 Be6 14. Rxa6 Rxa6 15. Bxa6 Nc4 16. Bxc4 Qxc4 17. Nd2 Qb4 18. Qa1 Rb8 19. Nb3 Bxb3 20. cxb3 Qxb3 21. Bxf6 Bxf6 22. Nd5 Bd8 23. Qa7 Qb7 24. Qa4 Bb6 25. Ra1 Bd4 26. Rb1 Qb3 27. Qd7 Qd3 28. Rf1 h6 29. Qxd6 Rxb2 30. Qd8+ Kh7 31. Qd7 Bxf2+ 32. Rxf2 Rb1+ 0-1


[Site "https://www.chess.com"]

[Event "Titled Tuesday Blitz May 03 Late 2022"]
[White "Krishnan, Varun"]
[Black "Deac, Bogdan-Daniel"]
[WhiteFideId "5054508"]
[BlackFideId "1226380"]
[WhiteElo "2520"]
[BlackElo "2648"]
[Result "0-1"]
[Round "01"]
[TimeControl "180+1"]
[Date "2022.05.03"]
[WhiteClock "0:00:24"]
[BlackClock "0:01:49"]

1. e4 c6 2. d4 d5 3. exd5 cxd5 4. c4 Nf6 5. Nc3 Nc6 6. Bg5 e6 7. Nf3 Be7 8. c5 a6 9. a3 Ne4 10. Bxe7 Qxe7 11. Bd3 f5 12. O-O O-O 13. Qc2 Bd7 14. b4 Be8 15. Ne5 Nxd4 16. Qb2 Nc6 17. Ne2 Qf6 18. f4 Bh5 19. Bxe4 fxe4 20. Ng3 Bg6 21. a4 Nxe5 22. fxe5 Qg5 23. Qd4 h5 24. b5 h4 25. Ne2 axb5 26. axb5 Rxa1 27. Rxa1 Bh5 28. Nc3 Bf3 29. Qf2 e3 30. Qf1 d4 31. Ne2 Bd5 32. g3 Rxf1+ 33. Rxf1 d3 0-1


[Site "https://www.chess.com"]

[Event "Titled Tuesday Blitz May 03 Late 2022"]
[White "Kruckenhauser, Arthur"]
[Black "Romanchuk, Viktor"]
[WhiteFideId "1642812"]
[BlackFideId "14109271"]
[WhiteElo "2243"]
[BlackElo "2242"]
[Result "1/2-1/2"]
[Round "01"]
[TimeControl "180+1"]
[Date "2022.05.03"]
[WhiteClock "0:00:41"]
[BlackClock "0:00:23"]

1. e4 e6 2. d4 d5 3. Nd2 dxe4 4. Nxe4 Nd7 5. Nf3 Ngf6 6. Nxf6+ Nxf6 7. c3 c5 8. Bb5+ Bd7 9. Qa4 cxd4 10. Bxd7+ Qxd7 11. Qxd7+ Nxd7 12. Nxd4 Bc5 13. Be3 Rc8 14. Nc2 Ke7 15. O-O-O Bxe3+ 16. Nxe3 Rc5 17. Rd2 Rhc8 18. Rhd1 Nf6 19. f3 R8c7 20. Re2 g6 21. Nf1 Nd5 22. g3 h5 23. Ne3 Nxe3 24. Rxe3 h4 25. Rd4 hxg3 26. hxg3 Rh5 27. Rd2 Rd7 28. Rxd7+ Kxd7 29. Re2 e5 30. g4 Rg5 31. Kd2 Kd6 32. Ke3 f5 33. gxf5 gxf5 34. Rh2 Kd5 35. Rd2+ Ke6 36. Rh2 Rg7 37. Rh6+ Kd5 38. Rh8 Rg2 39. Rd8+ Ke6 40. Rd2 Rg1 41. Rh2 Rg3 42. Kf2 Rg7 43. Ke3 Kd5 44. Rd2+ Ke6 45. Rh2 Rg3 46. Kf2 Rg7 47. Ke3 1/2-1/2


[Site "https://www.chess.com"]

[Event "Titled Tuesday Blitz May 03 Late 2022"]
[White "Kujawski, Adam"]
[Black "Sargsyan, Anna M."]
[WhiteFideId "1100920"]
[BlackFideId "13308130"]
[WhiteElo "2053"]
[BlackElo "2271"]
[Result "0-1"]
[Round "01"]
[TimeControl "180+1"]
[Date "2022.05.03"]
[WhiteClock "0:00:05"]
[BlackClock "0:00:06"]

1. e4 e5 2. Nf3 Nc6 3. Bb5 a6 4. Ba4 Nf6 5. O-O Nxe4 6. d4 b5 7. Bb3 d5 8. dxe5 Be6 9. Nbd2 Be7 10. c3 O-O 11. Bc2 f5 12. Nd4 Nxd4 13. cxd4 c5 14. dxc5 Bxc5 15. Nb3 Bb6 16. Nd4 Qe7 17. Bb3 Rad8 18. Be3 Bxd4 19. Bxd4 f4 20. f3 Nc5 21. Rc1 Nxb3 22. Qxb3 Qb7 23. Qb4 h6 24. Rc5 Rc8 25. Rfc1 Rxc5 26. Rxc5 Rc8 27. Qc3 Rxc5 28. Qxc5 Kh7 29. Qd6 Qc8 30. h3 a5 31. Kh2 a4 32. Bc5 Qe8 33. a3 Qg6 34. Bf2 Qf5 35. Qb4 Qxe5 36. Bd4 Qg5 37. Qxb5 Qg3+ 38. Kh1 Bxh3 39. gxh3 Qxh3+ 40. Kg1 Qg3+ 41. Kf1 Qxf3+ 42. Bf2 Qh1+ 43. Bg1 Qh3+ 44. Ke1 Qh4+ 45. Bf2 Qh1+ 46. Kd2 Qg2 47. Qe2 g5 48. Kc2 Qe4+ 49. Kc1 Qxe2 0-1


[Site "https://www.chess.com"]

[Event "Titled Tuesday Blitz May 03 Late 2022"]
[White "Lashkin, Jegor"]
[Black "Koutlas, Nikolaos"]
[WhiteFideId "13907808"]
[BlackFideId "25827138"]
[WhiteElo "2368"]
[BlackElo "1645"]
[Result "1-0"]
[Round "01"]
[TimeControl "180+1"]
[Date "2022.05.03"]
[WhiteClock "0:02:40"]
[BlackClock "0:02:01"]

1. Nf3 Nf6 2. e3 g6 3. b3 Bg7 4. Bb2 O-O 5. d4 b6 6. Be2 Bb7 7. O-O c5 8. c4 cxd4 9. Bxd4 d5 10. cxd5 Nxd5 11. Bxg7 Kxg7 12. Qd4+ f6 13. Rd1 Nc6 14. Qb2 Ncb4 15. e4 Nf4 16. Rxd8 Rfxd8 17. Nc3 Rac8 18. Bc4 b5 19. Nxb5 Nbd3 20. Qa3 a6 21. Qxe7+ 1-0


[Site "https://www.chess.com"]

[Event "Titled Tuesday Blitz May 03 Late 2022"]
[White "Lehtosaari, Mauri"]
[Black "Tang, Andrew"]
[WhiteFideId "501999"]
[BlackFideId "2059630"]
[WhiteElo "2508"]
[BlackElo "2584"]
[Result "0-1"]
[Round "01"]
[TimeControl "180+1"]
[Date "2022.05.03"]
[WhiteClock "0:00:19"]
[BlackClock "0:00:10"]

1. d4 d5 2. Nf3 Nf6 3. Bg5 e6 4. Nbd2 c5 5. e3 Nc6 6. c3 Qb6 7. Rb1 h6 8. Bh4 Bd7 9. Bd3 g5 10. Bg3 Nh5 11. O-O Nxg3 12. fxg3 Bg7 13. Kh1 g4 14. Ng1 f5 15. Ne2 O-O 16. Nf4 Rac8 17. a3 Nd8 18. Qe2 c4 19. Bc2 Qc7 20. h3 gxh3 21. gxh3 Nf7 22. Nf3 Qd6 23. Rg1 Ng5 24. Kh2 Rf7 25. Ng6 Bf6 26. h4 Nxf3+ 27. Qxf3 Rg7 28. Nf4 Be8 29. Rg2 Bf7 30. Rbg1 Kh8 31. Nh5 Rg6 32. Nf4 Rg4 33. Bd1 Rcg8 34. Qf2 R4g7 35. Kh1 Bd8 36. Bh5 Qe7 37. Bxf7 Qxf7 38. Rh2 Bc7 39. Qf3 Rg4 40. Rgg2 Kh7 41. Ne2 Qg6 42. Nf4 Bxf4 43. exf4 Qh5 44. Qf2 R8g6 45. Qe2 b5 46. Qe5 a5 47. Qe3 Kg8 48. Rh3 Kf7 49. Kh2 Rg8 50. Re2 Re8 51. Qe5 Re7 52. Qe3 b4 53. axb4 axb4 54. cxb4 Rg8 55. Qf2 Rb8 56. Qe3 Rxb4 57. Qa3 Rb3 58. Qd6 Qxe2+ 0-1


[Site "https://www.chess.com"]

[Event "Titled Tuesday Blitz May 03 Late 2022"]
[White "Leiva, Gianmarco"]
[Black "Toncheva, Nadya"]
[WhiteFideId "3804399"]
[BlackFideId "2924056"]
[WhiteElo "2323"]
[BlackElo "1884"]
[Result "1-0"]
[Round "01"]
[TimeControl "180+1"]
[Date "2022.05.03"]
[WhiteClock "0:00:03"]
[BlackClock "0:00:02"]

1. Nf3 Nf6 2. g3 d5 3. Bg2 Bf5 4. O-O e6 5. d3 h6 6. Nfd2 Be7 7. e4 Bh7 8. Nc3 O-O 9. f4 c5 10. g4 dxe4 11. dxe4 Nc6 12. a4 Qd4+ 13. Kh1 Rad8 14. Qe1 Nxg4 15. Qg3 Ne3 16. Rg1 Nxc2 17. Nb3 Qf6 18. Rb1 b6 19. e5 Qh4 20. Bxc6 Qxg3 21. Rxg3 Nd4 22. Nxd4 Bxb1 23. Nxe6 fxe6 24. Nxb1 Rd1+ 25. Rg1 Rfd8 26. Nc3 Rxg1+ 27. Kxg1 g5 28. Kf2 Rd4 29. Be3 Rd8 30. Ne4 Rd1 31. fxg5 hxg5 32. Nc3 Rd3 33. Bb5 Rd8 34. Ne4 g4 35. Kg3 Rd1 36. Bc4 Kf7 37. Kxg4 Re1 38. Kf3 Rb1 39. b3 a6 40. h3 b5 41. axb5 axb5 42. Nc3 Rh1 43. Nxb5 Rxh3+ 44. Ke4 Rh4+ 45. Kd3 Rh3 46. Ke2 Rh2+ 47. Kf1 Rh3 48. Bf2 Rh5 49. Nc7 Rxe5 50. Bg3 Rf5+ 51. Kg2 Rg5 52. Kf3 Rh5 53. Bxe6+ Kf6 54. Bg4 1-0


[Site "https://www.chess.com"]

[Event "Titled Tuesday Blitz May 03 Late 2022"]
[White "Licznerski, Lukasz"]
[Black "Stevens, Christian"]
[WhiteFideId "1179250"]
[BlackFideId "2604450"]
[WhiteElo "2422"]
[BlackElo "2491"]
[Result "1-0"]
[Round "01"]
[TimeControl "180+1"]
[Date "2022.05.03"]
[WhiteClock "0:00:06"]
[BlackClock "0:00:08"]

1. e4 c5 2. Nf3 e6 3. d4 cxd4 4. Nxd4 a6 5. Bd3 Bc5 6. Nb3 Be7 7. Qg4 g6 8. Qe2 Qc7 9. O-O d6 10. c4 Nc6 11. Nc3 Ne5 12. h3 h5 13. Be3 Nf6 14. Bg5 h4 15. f4 Nxd3 16. Qxd3 Rh5 17. Qd4 Rxg5 18. fxg5 Nd7 19. Qh8+ Bf8 20. Nd4 Qc5 21. Kh1 Qe5 22. Qxe5 Nxe5 23. b3 Bd7 24. Rad1 Rc8 25. Nf3 Nc6 26. Nxh4 Nb4 27. Rf3 Be7 28. Rdf1 Nc2 29. Rxf7 Ne3 30. Rxe7+ Kxe7 31. Nxg6+ Kd8 32. Rf8+ Kc7 33. Rxc8+ Kxc8 34. Nf4 Kd8 35. Kg1 Nc2 36. Kf2 b5 37. cxb5 axb5 38. h4 b4 39. Nce2 Ke7 40. h5 Bc6 41. Ng3 Nd4 42. Nd3 Nc2 43. h6 Kf7 44. Nf4 e5 45. g6+ Kg8 46. h7+ Kh8 47. Nfh5 Be8 48. g7+ Kxh7 49. Nf6+ Kxg7 50. Nxe8+ Kf8 51. Nxd6 Nd4 52. Nc4 Nc6 53. Nf5 Kf7 54. Nfe3 Ke6 55. Ng4 Nd4 56. Ngxe5 Nxb3 57. axb3 1-0


[Site "https://www.chess.com"]

[Event "Titled Tuesday Blitz May 03 Late 2022"]
[White "Mangialardo, Tiago Carvalho"]
[Black "Koziorowicz, Michal"]
[WhiteFideId "2130718"]
[BlackFideId "21809194"]
[WhiteElo "2118"]
[BlackElo "2235"]
[Result "0-1"]
[Round "01"]
[TimeControl "180+1"]
[Date "2022.05.03"]
[WhiteClock "0:00:25"]
[BlackClock "0:02:29"]

1. e4 c5 2. Nf3 d6 3. d4 cxd4 4. Nxd4 Nf6 5. Nc3 g6 6. Be2 Bg7 7. O-O O-O 8. Be3 Nc6 9. a3 Nxd4 10. Bxd4 Be6 11. Qd2 Qa5 12. Rad1 Rfc8 13. f4 a6 14. Kh1 b5 15. e5 dxe5 16. Bxe5 b4 17. axb4 Qxb4 18. Bf3 Ra7 19. Qe3 Rd7 20. Rxd7 Bxd7 21. Rd1 Bf5 22. Qc1 h5 23. h3 h4 24. Rd4 Qb6 25. Na4 Qa5 26. b3 Rxc2 27. Qa3 Qe1+ 28. Kh2 Rc1 0-1


[Site "https://www.chess.com"]

[Event "Titled Tuesday Blitz May 03 Late 2022"]
[White "Manukyan, Sargis A."]
[Black "Rasulov, Vugar"]
[WhiteFideId "13303970"]
[BlackFideId "13402390"]
[WhiteElo "2187"]
[BlackElo "2560"]
[Result "0-1"]
[Round "01"]
[TimeControl "180+1"]
[Date "2022.05.03"]
[WhiteClock "0:01:00"]
[BlackClock "0:01:47"]

1. d4 d5 2. e3 Nf6 3. Nf3 Bg4 4. Be2 e6 5. O-O Nbd7 6. Ne5 Bxe2 7. Qxe2 Bd6 8. f4 O-O 9. c3 Ne4 10. Bd2 f6 11. Nxd7 Qxd7 12. Be1 e5 13. Nd2 exf4 14. Nxe4 dxe4 15. exf4 f5 16. g3 Rae8 17. Bf2 Kh8 18. Be3 a6 19. a4 h6 20. a5 Kh7 21. h4 Rf6 22. Kf2 Rg6 23. Rg1 Rg4 24. b4 Re6 25. Rab1 Reg6 26. b5 Be7 27. bxa6 bxa6 28. h5 Rc6 29. Rgc1 g6 30. c4 gxh5 31. d5 Rcg6 32. Rg1 h4 33. c5 Qe8 34. Rb7 hxg3+ 35. Ke1 Qa4 36. Rxc7 Qxa5+ 37. Qd2 Qxc7 38. d6 Bxd6 39. cxd6 Qxd6 40. Qa5 Qd7 41. Ke2 Qd3+ 0-1


[Site "https://www.chess.com"]

[Event "Titled Tuesday Blitz May 03 Late 2022"]
[White "Martinez Alcantara, Jose Eduardo"]
[Black "Migot, Tangi"]
[WhiteFideId "3805662"]
[BlackFideId "662445"]
[WhiteElo "2690"]
[BlackElo "2502"]
[Result "1-0"]
[Round "01"]
[TimeControl "180+1"]
[Date "2022.05.03"]
[WhiteClock "0:02:50"]
[BlackClock "0:02:38"]

1. e4 c5 2. Nf3 d6 3. c3 Nf6 4. h3 Bd7 5. Bd3 Bc6 6. Qe2 e6 7. O-O d5 8. e5 Nfd7 9. Bc2 c4 10. d4 cxd3 11. Bxd3 Nc5 12. Nd4 Nxd3 13. Qxd3 Nd7 14. Qg3 h5 15. Nxe6 fxe6 16. Qg6+ Ke7 17. Bg5+ Nf6 18. exf6+ gxf6 19. Bxf6+ 1-0


[Site "https://www.chess.com"]

[Event "Titled Tuesday Blitz May 03 Late 2022"]
[White "Mekhane, Adam"]
[Black "Biletskiy, Danylo"]
[WhiteFideId "36050601"]
[BlackFideId "14155419"]
[WhiteElo "2002"]
[BlackElo "2087"]
[Result "0-1"]
[Round "01"]
[TimeControl "180+1"]
[Date "2022.05.03"]
[WhiteClock "0:00:21"]
[BlackClock "0:00:55"]

1. e4 c5 2. Nf3 Nc6 3. d4 cxd4 4. Nxd4 e5 5. Nb5 d6 6. c4 Be6 7. Be2 Be7 8. O-O a6 9. N5c3 Nf6 10. Be3 O-O 11. Na3 Rc8 12. f3 Nd4 13. Bd3 Nd7 14. Qd2 Nc5 15. Nd5 Nxd3 16. Qxd3 Bg5 17. Bxd4 exd4 18. f4 Bxd5 19. cxd5 Bf6 20. Rac1 Qb6 21. Nc4 Qb5 22. e5 dxe5 23. fxe5 Bg5 24. Qxd4 Bxc1 25. Rxc1 Rfd8 26. d6 Qc5 27. Qxc5 Rxc5 28. b4 Rc6 29. Rc2 b5 30. Ne3 Rxc2 31. Nxc2 f6 32. e6 Rxd6 33. e7 Kf7 34. Kf1 Kxe7 35. Ke2 g6 36. Ne3 Re6 37. Kf3 Kd6 38. h4 f5 39. Kf4 Re4+ 40. Kf3 Rxb4 0-1


[Site "https://www.chess.com"]

[Event "Titled Tuesday Blitz May 03 Late 2022"]
[White "Melikhov, Evgeny V."]
[Black "Barp, Alberto"]
[WhiteFideId "4122046"]
[BlackFideId "872555"]
[WhiteElo "1931"]
[BlackElo "2229"]
[Result "0-1"]
[Round "01"]
[TimeControl "180+1"]
[Date "2022.05.03"]
[WhiteClock "0:00:12"]
[BlackClock "0:00:45"]

1. d4 d5 2. c4 c6 3. Nc3 Nf6 4. e3 e6 5. Nf3 Nbd7 6. Bd3 dxc4 7. Bxc4 b5 8. Bd3 a6 9. e4 b4 10. Na4 c5 11. e5 Nd5 12. dxc5 Nxc5 13. Nxc5 Bxc5 14. O-O Be7 15. Re1 Bb7 16. Qa4+ Qd7 17. Qxd7+ Kxd7 18. Bg5 h6 19. Bxe7 Kxe7 20. Be4 Rac8 21. Rac1 Ba8 22. Nd4 Kd7 23. Bxd5 Bxd5 24. b3 a5 25. f3 f6 26. f4 fxe5 27. fxe5 a4 28. Kf2 axb3 29. axb3 Rxc1 30. Rxc1 Ra8 31. Rc2 Ra1 32. g3 Rb1 33. Ke3 Bxb3 34. Nxb3 Rxb3+ 35. Kd4 Rb1 36. Rc5 b3 37. Kc3 Rc1+ 0-1


[Site "https://www.chess.com"]

[Event "Titled Tuesday Blitz May 03 Late 2022"]
[White "Melikyan, Gnel"]
[Black "Gutierrez Olivares, Daniel"]
[WhiteFideId "54109990"]
[BlackFideId "2264005"]
[WhiteElo "1772"]
[BlackElo "2317"]
[Result "1-0"]
[Round "01"]
[TimeControl "180+1"]
[Date "2022.05.03"]
[WhiteClock "0:00:41"]
[BlackClock "0:00:23"]

1. e4 e6 2. d4 d5 3. exd5 exd5 4. Bd3 Nc6 5. c3 Bd6 6. Nf3 Nge7 7. O-O Bg4 8. h3 Bh5 9. Bg5 f6 10. Bh4 Qd7 11. Nbd2 g5 12. Bg3 Bg6 13. Qc2 O-O-O 14. Rfe1 Nf5 15. Bxd6 cxd6 16. Nf1 Kb8 17. Ne3 Nce7 18. Re2 h5 19. Rae1 Nxe3 20. Rxe3 Bxd3 21. Qxd3 Nc6 22. Re6 g4 23. Nh4 gxh3 24. Qxh3 Rhg8 25. Nf5 Qc7 26. Qh2 Rg5 27. Nxd6 a6 28. Rxf6 Rdg8 29. Re8+ Ka7 30. Rxg8 Rxg8 31. Nb5+ 1-0


[Site "https://www.chess.com"]

[Event "Titled Tuesday Blitz May 03 Late 2022"]
[White "Mikhailov, Viacheslav"]
[Black "Meduri, Aakaash"]
[WhiteFideId "4187369"]
[BlackFideId "2032252"]
[WhiteElo "2381"]
[BlackElo "2096"]
[Result "1-0"]
[Round "01"]
[TimeControl "180+1"]
[Date "2022.05.03"]
[WhiteClock "0:01:51"]
[BlackClock "0:00:09"]

1. Nf3 d5 2. g3 c5 3. Bg2 Nc6 4. d4 g6 5. O-O Bg7 6. dxc5 Nf6 7. Nc3 O-O 8. Bf4 Re8 9. Ne5 Be6 10. Nxc6 bxc6 11. Be5 Qa5 12. Qd4 a6 13. b4 Qd8 14. a4 Nh5 15. Bxg7 Nxg7 16. e4 dxe4 17. Qxd8 Rexd8 18. Bxe4 Bd5 19. Bxd5 cxd5 20. b5 d4 21. Ne4 f5 22. Nd2 Rd5 23. Nb3 e5 24. c6 axb5 25. axb5 Rc8 26. b6 Rb5 27. b7 Rxc6 28. Ra8+ Kf7 29. b8=Q Rxb8 30. Rxb8 Rc7 31. Re1 Ke6 32. Nxd4+ Kd5 33. Rd8+ Kc4 34. Rxe5 Nh5 35. Nb5 Rc5 36. Na3+ Kb4 37. Rb8+ 1-0


[Site "https://www.chess.com"]

[Event "Titled Tuesday Blitz May 03 Late 2022"]
[White "Mikhalsky, Vladimir"]
[Black "Erdogdu, Mert"]
[WhiteFideId "14144352"]
[BlackFideId "6301495"]
[WhiteElo "2301"]
[BlackElo "2485"]
[Result "1-0"]
[Round "01"]
[TimeControl "180+1"]
[Date "2022.05.03"]
[WhiteClock "0:00:47"]
[BlackClock "0:00:42"]

1. d4 d5 2. c4 e6 3. g3 c5 4. cxd5 exd5 5. Nf3 Nf6 6. Bg2 Nc6 7. O-O Be7 8. Nc3 O-O 9. h3 c4 10. b3 cxb3 11. Qxb3 h6 12. Rd1 Na5 13. Qc2 Be6 14. Ne5 Rc8 15. Qd3 a6 16. Rb1 b5 17. a4 b4 18. Na2 Rb8 19. Bd2 b3 20. Bxa5 Qxa5 21. Nc6 Qxa4 22. Nxe7+ Kh8 23. Nc3 Qd7 24. Nexd5 Nxd5 25. Nxd5 Bxd5 26. e4 Be6 27. d5 Bxh3 28. Rxb3 Bxg2 29. Kxg2 Rb5 30. Rdb1 Rfb8 31. Rxb5 axb5 32. Qd4 Kg8 33. e5 Qb7 34. Kg1 b4 35. Rb3 Qb5 36. d6 Rb7 37. Qe4 Rb8 38. e6 fxe6 39. Qxe6+ Kh8 40. d7 Qb6 41. Qxb6 1-0


[Site "https://www.chess.com"]

[Event "Titled Tuesday Blitz May 03 Late 2022"]
[White "Milanovic, Marko"]
[Black "Romero Ruscalleda, Josep"]
[WhiteFideId "980129"]
[BlackFideId "2231859"]
[WhiteElo "2159"]
[BlackElo "2280"]
[Result "1-0"]
[Round "01"]
[TimeControl "180+1"]
[Date "2022.05.03"]
[WhiteClock "0:00:07"]
[BlackClock "0:00:53"]

1. d4 g6 2. e4 Bg7 3. Nf3 d6 4. Bc4 Nf6 5. Qe2 O-O 6. e5 dxe5 7. dxe5 Nd5 8. O-O c6 9. Rd1 Be6 10. Bb3 Qc8 11. c4 Nc7 12. h3 Nba6 13. Be3 Rd8 14. Nc3 Rxd1+ 15. Rxd1 Qe8 16. Ne4 h6 17. a3 b6 18. Nd4 Rd8 19. Ba4 Bd7 20. Nxc6 Bxc6 21. Rxd8 Qxd8 22. Bxc6 Bxe5 23. Bxh6 Qd4 24. Bc1 Ne6 25. Bd5 Nf4 26. Bxf4 Bxf4 27. g3 Be5 28. Nc3 Bxg3 29. Qf3 e6 30. Qxg3 exd5 31. Nxd5 Qxc4 32. Nf6+ Kg7 33. Qe5 Qe6 34. Ne8+ Kf8 35. Qh8+ Ke7 36. Ng7 Qe1+ 37. Kg2 Qe4+ 38. Kh2 Qe5+ 39. Kg2 Qd5+ 40. Kf1 Qc4+ 41. Kg1 Qc1+ 42. Kg2 Qc6+ 43. f3 Nc5 44. Qh4+ Qf6 45. Qxf6+ Kxf6 46. Ne8+ Ke5 47. Nc7 Nd3 48. b4 Ne1+ 49. Kf2 Nc2 50. Nb5 Nxa3 51. Nxa3 a5 52. bxa5 bxa5 53. Nc4+ Kf4 54. Nxa5 f5 55. Nb3 g5 56. Nc5 g4 57. Nd3+ Kg5 58. hxg4 fxg4 59. f4+ Kg6 60. Kg3 Kf5 61. Nf2 Kf6 62. Kxg4 1-0


[Site "https://www.chess.com"]

[Event "Titled Tuesday Blitz May 03 Late 2022"]
[White "Mirza, Diana"]
[Black "Aggelis, Nikolaos"]
[WhiteFideId "2503999"]
[BlackFideId "4213220"]
[WhiteElo "1813"]
[BlackElo "2154"]
[Result "0-1"]
[Round "01"]
[TimeControl "180+1"]
[Date "2022.05.03"]
[WhiteClock "0:00:04"]
[BlackClock "0:00:59"]

1. b4 Nf6 2. Bb2 d5 3. e3 g6 4. c4 Bg7 5. cxd5 O-O 6. Nf3 a5 7. b5 Qxd5 8. a4 Rd8 9. Nc3 Qf5 10. Nd4 Qd7 11. Bc4 c5 12. Nb3 b6 13. O-O Bb7 14. Qe2 Qf5 15. d4 Nbd7 16. Rac1 Rac8 17. dxc5 Nxc5 18. Nxc5 Qxc5 19. Bb3 Qb4 20. Ba2 Ne4 21. Nxe4 Bxb2 22. Rxc8 Rxc8 23. Ng3 Bf6 24. h3 Qxa4 25. Bb1 Bd5 26. Bd3 Qa2 27. Qxa2 Bxa2 28. Ne4 Bb2 29. Re1 a4 30. Re2 a3 31. Nd2 Rc1+ 32. Kh2 Bd5 33. Nf3 Bxf3 34. gxf3 a2 35. Rxb2 a1=Q 36. Rc2 Rxc2 37. Bxc2 Qb2 0-1


[Site "https://www.chess.com"]

[Event "Titled Tuesday Blitz May 03 Late 2022"]
[White "Miszler, Levente"]
[Black "Thybo, Jesper Sondergaard"]
[WhiteFideId "763276"]
[BlackFideId "1438832"]
[WhiteElo "1966"]
[BlackElo "2316"]
[Result "0-1"]
[Round "01"]
[TimeControl "180+1"]
[Date "2022.05.03"]
[WhiteClock "0:01:11"]
[BlackClock "0:00:52"]

1. Nf3 g6 2. c4 Bg7 3. g3 c5 4. Bg2 Nc6 5. O-O d6 6. Nc3 Bf5 7. Re1 Qd7 8. e4 Bh3 9. d3 Nf6 10. Nd5 O-O 11. a3 Bg4 12. Rb1 Nd4 13. b4 Nxd5 14. cxd5 cxb4 15. axb4 Rfc8 16. Bb2 Rc7 17. Bxd4 Bxd4 18. Qb3 Rc3 19. Nxd4 Rxb3 20. Nxb3 Bh3 21. Bf3 Rc8 22. d4 Rc3 23. Bh1 Qa4 24. Nc1 Rc2 25. e5 Qa3 26. Ne2 g5 27. Nc1 Qc3 28. Be4 Qxe1# 0-1


[Site "https://www.chess.com"]

[Event "Titled Tuesday Blitz May 03 Late 2022"]
[White "Mohammadian, Mohammad"]
[Black "Omariev, Maksim"]
[WhiteFideId "12566055"]
[BlackFideId "4193423"]
[WhiteElo "1544"]
[BlackElo "2529"]
[Result "0-1"]
[Round "01"]
[TimeControl "180+1"]
[Date "2022.05.03"]
[WhiteClock "0:00:15"]
[BlackClock "0:00:08"]

1. e4 h5 2. d4 h4 3. h3 c6 4. Nc3 d5 5. e5 Bf5 6. Bd3 Bxd3 7. Qxd3 e6 8. Nf3 Be7 9. Be3 Nh6 10. O-O-O Nf5 11. Kb1 b5 12. a3 a5 13. Na2 Nd7 14. c3 Qb6 15. Bg5 Bxg5 16. Nxg5 c5 17. Nf3 c4 18. Qd2 Nb8 19. Qg5 Nc6 20. g4 hxg3 21. fxg3 g6 22. g4 Ng3 23. Qf6 Rf8 24. Ng5 Nxh1 25. Rxh1 Qd8 26. Qf4 Qe7 27. h4 O-O-O 28. h5 gxh5 29. Rxh5 f6 30. exf6 Rxf6 31. Qe3 Rdf8 32. Rh7 Rf1+ 33. Nc1 Qf6 34. Qxe6+ Qxe6 35. Nxe6 R8f7 36. Rh8+ Kb7 37. Nc5+ Kb6 38. Ra8 Rg1 39. Ra6+ Kc7 40. Ra8 Rff1 0-1


[Site "https://www.chess.com"]

[Event "Titled Tuesday Blitz May 03 Late 2022"]
[White "Moral Garcia, Serafin"]
[Black "Yuan, Qingyu"]
[WhiteFideId "2201925"]
[BlackFideId "8609772"]
[WhiteElo "2228"]
[BlackElo "2359"]
[Result "1-0"]
[Round "01"]
[TimeControl "180+1"]
[Date "2022.05.03"]
[WhiteClock "0:00:14"]
[BlackClock "0:00:03"]

1. e4 c6 2. d4 d5 3. exd5 cxd5 4. c4 Nf6 5. Nc3 Nc6 6. Bg5 dxc4 7. Bxc4 e6 8. Nf3 Be7 9. O-O O-O 10. Re1 a6 11. Bb3 b5 12. Qd3 Bb7 13. a3 Rc8 14. Bc2 g6 15. Bh6 Re8 16. Rad1 b4 17. Na4 Qa5 18. Ne5 Nxd4 19. Qxd4 Rxc2 20. Nd7 Qf5 21. Re5 Qxf2+ 22. Qxf2 Rxf2 23. Kxf2 Ng4+ 24. Kg3 Nxh6 25. Nac5 Nf5+ 26. Rxf5 gxf5 27. Nxb7 bxa3 28. bxa3 Rc8 29. Rd3 f6 30. Nd6 Rd8 31. Nb7 Rc8 32. Kf3 Rc7 33. Na5 e5 34. Ke2 Kf7 35. Nb6 Rc5 36. Nac4 Rc6 37. a4 a5 38. Rd5 Bb4 39. Rxe5 Rxb6 40. Rxf5 Re6+ 41. Kd3 Ra6 42. Rb5 Kg6 43. Ke4 Re6+ 44. Kf3 Ra6 45. g4 h6 46. h4 Ra7 47. h5+ Kg7 48. Kf4 Rc7 49. Nxa5 Bxa5 50. Rxa5 Rc1 51. Ra7+ Kg8 52. Kf5 Rc5+ 53. Kxf6 Rg5 54. a5 Rxg4 55. a6 Ra4 56. Kg6 Kf8 57. Kxh6 Ra2 58. Kh7 Ra5 59. h6 Ra1 60. Ra8+ Kf7 61. a7 Ra6 62. Rg8 Ra5 63. a8=Q Ra6 64. Rb8 Rxa8 65. Rxa8 Kf6 66. Rg8 Kf7 67. Kh8 Ke7 68. Kg7 Kd6 69. h7 Kc6 70. Rf8 1-0


[Site "https://www.chess.com"]

[Event "Titled Tuesday Blitz May 03 Late 2022"]
[White "Nakamura, Hikaru"]
[Black "Toniutti, Ezio"]
[WhiteFideId "2016192"]
[BlackFideId "113034"]
[WhiteElo "2850"]
[BlackElo "2215"]
[Result "1-0"]
[Round "01"]
[TimeControl "180+1"]
[Date "2022.05.03"]
[WhiteClock "0:02:25"]
[BlackClock "0:00:31"]

1. Nf3 d5 2. b3 c6 3. Bb2 Bf5 4. g3 e6 5. d3 Nf6 6. Nh4 Bg4 7. h3 Bh5 8. g4 Nfd7 9. gxh5 Qxh4 10. e3 c5 11. Qg4 Qxg4 12. hxg4 Nc6 13. Nd2 h6 14. f4 Rg8 15. c4 O-O-O 16. Bg2 Nb6 17. Ke2 f6 18. cxd5 Nxd5 19. a3 Bd6 20. Rac1 Nc7 21. Bxc6 bxc6 22. Ne4 Na6 23. d4 Rge8 24. dxc5 Bb8 25. b4 Nc7 26. Rhd1 Nd5 27. Nc3 Ne7 28. Kf3 e5 29. f5 Nd5 30. Nxd5 cxd5 31. e4 d4 32. b5 Kb7 33. a4 Rc8 34. a5 a6 35. c6+ 1-0


[Site "https://www.chess.com"]